TOP OF THE 1ST |
Wichita State University Shockers batting - Pitching for Ohio State University Buckeyes : RHP Jerry Griffith
|
Pitching: RHP Jerry Griffith
|
|
Batting: RHB Jonathan Iniguez
|
0-0: Ball 1-0: Called Strike 1-1: Swinging Strike 1-2: Ball 2-2: Foul Ball, location: 2F 2-2: Ball 3-2: Strikes out swinging
|
Batting: RHB Kieron Clark
|
0-0: Called Strike 0-1: Ball 1-1: Ball 2-1: Foul Ball, location: 2F 2-2: Ball 3-2: SINGLE (Flyball, 7LS, EV 92.5 MPH)
|
Batting: RHB Zach Maguire
|
0-0: Called Strike 0-1: Called Strike 0-2: Grounds into double play, 4-6-3 (Groundball, 4, EV 86.9 MPH)
|
Top of the 1st over - 0 runs, 1 hit, 0 errors, 0 left on base; Wichita State University 0 - Ohio State University 0 |
BOTTOM OF THE 1ST |
Ohio State University Buckeyes batting - Pitching for Wichita State University Shockers : RHP Masato Iwase
|
Pitching: RHP Masato Iwase
|
|
Batting: RHB Aukukero Tairi
|
0-0: Ground out 5-3 (Groundball, 56, EV 88.8 MPH)
|
Batting: RHB Rafael Reyes
|
0-0: Ball 1-0: Ball 2-0: SINGLE (Line Drive, 8RM, EV 93.8 MPH)
|
Batting: RHB Dan Muse
|
0-0: SINGLE (Groundball, 15S, EV 66.3 MPH) (infield hit) Rafael Reyes to second
|
Batting: RHB Xavier Castaneda
|
0-0: Called Strike 0-1: Ball 1-1: Fly out, F7 (Flyball, 7, EV 88.8 MPH)
|
Batting: RHB Joey Black
|
0-0: Ball 1-0: Foul Ball, location: 2F 1-1: Foul Ball, location: 2F 1-2: Ball Wild Pitch! Rafael Reyes to third Dan Muse to second 2-2: Foul Ball, location: 2F 2-2: Strikes out looking
|
Bottom of the 1st over - 0 runs, 2 hits, 0 errors, 2 left on base; Wichita State University 0 - Ohio State University 0 |
TOP OF THE 2ND |
Wichita State University Shockers batting - Pitching for Ohio State University Buckeyes : RHP Jerry Griffith
|
Batting: LHB Sam Williams
|
0-0: Ball 1-0: Called Strike 1-1: Called Strike 1-2: Foul Ball, location: 2F 1-2: Ball 2-2: Foul Ball, location: 2F 2-2: SINGLE (Groundball, 6M, EV 107.5 MPH)
|
Batting: RHB Alex Campos
|
0-0: Foul Ball, location: 2F 0-1: Ball 1-1: Foul Ball, location: 2F 1-2: Strikes out swinging
|
Batting: RHB Manny Hensley
|
0-0: Ball 1-0: Called Strike 1-1: Called Strike 1-2: Ball 2-2: Foul Ball, location: 2F 2-2: Strikes out looking
|
Batting: RHB Taffounnout Kame
|
0-0: Ball 1-0: Called Strike 1-1: SINGLE (Groundball, 5S, EV 68.1 MPH) (infield hit) Sam Williams to second
|
Batting: SHB Houston Phillips
|
0-0: Called Strike 0-1: Fly out, F9 (Flyball, 9LM, EV 77.5 MPH)
|
Top of the 2nd over - 0 runs, 2 hits, 0 errors, 2 left on base; Wichita State University 0 - Ohio State University 0 |
BOTTOM OF THE 2ND |
Ohio State University Buckeyes batting - Pitching for Wichita State University Shockers : RHP Masato Iwase
|
Batting: RHB Rick English
|
0-0: Called Strike 0-1: SINGLE (Flyball, 4MD, EV 85.6 MPH)
|
Batting: RHB Seisaburo Edagawa
|
0-0: Ball Wild Pitch! Rick English to second 1-0: Ball 2-0: Called Strike 2-1: Ball 3-1: Fly out, F7 (Line Drive, 7, EV 98.1 MPH)
|
Batting: LHB Alex Rivera
|
0-0: Ball 1-0: Called Strike 1-1: Fly out, F8 (Flyball, 78M, EV 78.8 MPH)
|
Batting: RHB Aaron Battista
|
0-0: Called Strike 0-1: Ball 1-1: Foul Ball, location: 2F 1-2: Ball 2-2: Foul Ball, location: 2F 2-2: Ball 3-2: Ground out U3 (Groundball, 3S, EV 86.3 MPH)
|
Bottom of the 2nd over - 0 runs, 1 hit, 0 errors, 1 left on base; Wichita State University 0 - Ohio State University 0 |
TOP OF THE 3RD |
Wichita State University Shockers batting - Pitching for Ohio State University Buckeyes : RHP Jerry Griffith
|
Batting: RHB Caleb Wachtler
|
0-0: Ball 1-0: Foul Ball, location: 2F 1-1: Ground out 4-3 (Groundball, 34, EV 100.6 MPH)
|
Batting: RHB Jonathan Iniguez
|
0-0: Swinging Strike 0-1: Ball 1-1: Ball 2-1: Ground out 4-3 (Groundball, 4, EV 79.4 MPH)
|
Batting: RHB Kieron Clark
|
0-0: Foul Ball, location: 2F 0-1: DOUBLE (Line Drive, 7LS, EV 103.1 MPH)
|
Batting: RHB Zach Maguire
|
0-0: Called Strike 0-1: Foul Ball, location: 2F 0-2: Ball 1-2: Fly out, F7 (Flyball, 78M, EV 76.9 MPH)
|
Top of the 3rd over - 0 runs, 1 hit, 0 errors, 1 left on base; Wichita State University 0 - Ohio State University 0 |
BOTTOM OF THE 3RD |
Ohio State University Buckeyes batting - Pitching for Wichita State University Shockers : RHP Masato Iwase
|
Batting: RHB Aukukero Tairi
|
0-0: Bunt for hit to 23 - play at first, batter OUT! 3-4
|
Batting: RHB Rafael Reyes
|
0-0: Swinging Strike 0-1: Ball 1-1: Called Strike 1-2: Ball 2-2: Ball 3-2: Ground out 4-3 (Groundball, 4, EV 86.3 MPH)
|
Batting: RHB Dan Muse
|
0-0: Ball 1-0: SOLO HOME RUN (Flyball, 78XD, EV 108.1 MPH), Distance : 427 ft
|
Batting: RHB Xavier Castaneda
|
0-0: Swinging Strike 0-1: Ball 1-1: Ball 2-1: SINGLE (Groundball, 4MD, EV 93.8 MPH)
|
Batting: RHB Joey Black
|
0-0: Ground out 1-3 (Groundball, 13S, EV 68.8 MPH)
|
Bottom of the 3rd over - 1 run, 2 hits, 0 errors, 1 left on base; Wichita State University 0 - Ohio State University 1 |
TOP OF THE 4TH |
Wichita State University Shockers batting - Pitching for Ohio State University Buckeyes : RHP Jerry Griffith
|
Batting: LHB Sam Williams
|
0-0: Called Strike 0-1: Ball 1-1: Called Strike 1-2: Ball 2-2: Foul Ball, location: 2F 2-2: Ball 3-2: Foul Ball, location: 2F 3-2: Foul Ball, location: 2F 3-2: Ground out U3 (Groundball, 3L, EV 90.0 MPH)
|
Batting: RHB Alex Campos
|
0-0: Called Strike 0-1: Called Strike 0-2: Foul Ball, location: 2F 0-2: Foul Ball, location: 2F 0-2: Ball 1-2: Ball 2-2: Strikes out swinging
|
Batting: RHB Manny Hensley
|
0-0: Ball 1-0: Ball 2-0: Foul Ball, location: 2F 2-1: Ball 3-1: Swinging Strike 3-2: Base on Balls
|
Batting: RHB Taffounnout Kame
|
0-0: Ball 1-0: Ball 2-0: Ball 3-0: Called Strike 3-1: Foul Ball, location: 2F 3-2: Foul Ball, location: 2F 3-2: SINGLE (Line Drive, 4MD, EV 105.0 MPH) Manny Hensley to second Manny Hensley to third
|
Batting: SHB Houston Phillips
|
0-0: Fly out, F8 (Line Drive, 8LM, EV 86.9 MPH)
|
Top of the 4th over - 0 runs, 1 hit, 0 errors, 2 left on base; Wichita State University 0 - Ohio State University 1 |
BOTTOM OF THE 4TH |
Ohio State University Buckeyes batting - Pitching for Wichita State University Shockers : RHP Masato Iwase
|
Batting: RHB Rick English
|
0-0: Swinging Strike 0-1: Foul Ball, location: 2F 0-2: Ground out 6-3 (Groundball, 6, EV 88.1 MPH)
|
Batting: RHB Seisaburo Edagawa
|
0-0: Ball 1-0: Ball 2-0: Ball 3-0: Called Strike 3-1: Foul Ball, location: 2F 3-2: Base on Balls
|
Batting: LHB Alex Rivera
|
0-0: Called Strike 0-1: Foul Ball, location: 2F 0-2: Foul Ball, location: 2F 0-2: Ball 1-2: Foul Ball, location: 2F 1-2: Foul Ball, location: 2F 1-2: Ball 2-2: Foul Ball, location: 2F 2-2: Ball 3-2: Fly out, F8 (Flyball, 8RM, EV 88.1 MPH)
|
Batting: RHB Aaron Battista
|
0-0: Foul Ball, location: 2F 0-1: Ball 1-1: Called Strike 1-2: Fly out, F7 (Line Drive, 7, EV 90.6 MPH)
|
Bottom of the 4th over - 0 runs, 0 hits, 0 errors, 1 left on base; Wichita State University 0 - Ohio State University 1 |
TOP OF THE 5TH |
Wichita State University Shockers batting - Pitching for Ohio State University Buckeyes : RHP Jerry Griffith
|
Batting: RHB Caleb Wachtler
|
0-0: SINGLE (Line Drive, 56D, EV 104.4 MPH)
|
Batting: RHB Jonathan Iniguez
|
0-0: Foul Ball, location: 2F 0-1: Sac Bunt to 15S - play at first, batter OUT! 1-3 Caleb Wachtler to second
|
Batting: RHB Kieron Clark
|
0-0: Fly out, F8 (Line Drive, 8RD, EV 92.5 MPH)
|
Batting: RHB Zach Maguire
|
0-0: Called Strike 0-1: Ball 1-1: Swinging Strike 1-2: DOUBLE (Line Drive, 9LD, EV 110.6 MPH) Caleb Wachtler scores
|
Batting: LHB Sam Williams
|
0-0: Called Strike 0-1: Swinging Strike 0-2: SINGLE (Groundball, 56D, EV 106.3 MPH) Zach Maguire to third
|
Batting: RHB Alex Campos
|
0-0: Fly out, F9 (Flyball, 9, EV 95.0 MPH)
|
Top of the 5th over - 1 run, 3 hits, 0 errors, 2 left on base; Wichita State University 1 - Ohio State University 1 |
BOTTOM OF THE 5TH |
Ohio State University Buckeyes batting - Pitching for Wichita State University Shockers : RHP Masato Iwase
|
Batting: RHB Aukukero Tairi
|
0-0: Called Strike 0-1: Ball 1-1: Foul Ball, location: 2F 1-2: Ball 2-2: Fly out, F8 (Flyball, 8LM, EV 88.8 MPH)
|
Batting: RHB Rafael Reyes
|
0-0: DOUBLE (Line Drive, 89D, EV 113.1 MPH)
|
Batting: RHB Dan Muse
|
0-0: Called Strike 0-1: Swinging Strike 0-2: Fly out, F3 (Popup, 34, EV 71.9 MPH)
|
Pitching: RHP Franklin Vazquez
|
|
Batting: RHB Xavier Castaneda
|
0-0: Ball 1-0: Foul Ball, location: 2F 1-1: Ball 2-1: Foul Ball, location: 2F 2-2: Strikes out swinging
|
Bottom of the 5th over - 0 runs, 1 hit, 0 errors, 1 left on base; Wichita State University 1 - Ohio State University 1 |
TOP OF THE 6TH |
Wichita State University Shockers batting - Pitching for Ohio State University Buckeyes : RHP Jerry Griffith
|
Pitching: RHP Sam Lewis
|
|
Batting: RHB Manny Hensley
|
0-0: Called Strike 0-1: Foul Ball, location: 2F 0-2: Strikes out swinging
|
Batting: RHB Taffounnout Kame
|
0-0: Foul Ball, location: 2F 0-1: Swinging Strike 0-2: Ball 1-2: Ball 2-2: Strikes out swinging
|
Batting: SHB Houston Phillips
|
0-0: Foul Ball, location: 2F 0-1: Ball 1-1: Ground out 6-3 (Groundball, 6, EV 109.4 MPH)
|
Top of the 6th over - 0 runs, 0 hits, 0 errors, 0 left on base; Wichita State University 1 - Ohio State University 1 |
BOTTOM OF THE 6TH |
Ohio State University Buckeyes batting - Pitching for Wichita State University Shockers : RHP Franklin Vazquez
|
Batting: RHB Joey Black
|
0-0: Called Strike 0-1: Ball 1-1: Ball 2-1: Ground out 6-3 (Groundball, 6, EV 103.8 MPH)
|
Batting: RHB Rick English
|
0-0: Called Strike 0-1: Foul Ball, location: 2F 0-2: Foul Ball, location: 2F 0-2: Ball 1-2: Strikes out swinging
|
Batting: RHB Seisaburo Edagawa
|
0-0: Called Strike 0-1: Called Strike 0-2: Ball 1-2: Strikes out swinging
|
Bottom of the 6th over - 0 runs, 0 hits, 0 errors, 0 left on base; Wichita State University 1 - Ohio State University 1 |
TOP OF THE 7TH |
Wichita State University Shockers batting - Pitching for Ohio State University Buckeyes : RHP Sam Lewis
|
Batting: RHB Caleb Wachtler
|
0-0: Foul Ball, location: 2F 0-1: Called Strike 0-2: Strikes out swinging
|
Batting: RHB Jonathan Iniguez
|
0-0: Fly out, F8 (Flyball, 8LD, EV 99.4 MPH)
|
Batting: RHB Kieron Clark
|
0-0: Ball 1-0: SOLO HOME RUN (Flyball, 78XD, EV 102.5 MPH), Distance : 429 ft
|
Batting: RHB Zach Maguire
|
0-0: Ball 1-0: Ball 2-0: Ground out 6-3 (Groundball, 6, EV 84.4 MPH)
|
Top of the 7th over - 1 run, 1 hit, 0 errors, 0 left on base; Wichita State University 2 - Ohio State University 1 |
BOTTOM OF THE 7TH |
Ohio State University Buckeyes batting - Pitching for Wichita State University Shockers : RHP Franklin Vazquez
|
Pitching: RHP Connor Payne
|
|
Batting: LHB Alex Rivera
|
0-0: Ground out 1-3 (Groundball, 13S, EV 65.0 MPH)
|
Batting: RHB Aaron Battista
|
0-0: Called Strike 0-1: Ball 1-1: SINGLE (Line Drive, 7S, EV 91.9 MPH)
|
Batting: RHB Aukukero Tairi
|
0-0: Called Strike 0-1: Ball 1-1: Ground out 5-3 (Groundball, 15, EV 80.6 MPH) Aaron Battista to second
|
Pinch Hitting: LHB Jason Kinney
|
0-0: Called Strike 0-1: Called Strike 0-2: Foul Ball, location: 2F 0-2: Ball 1-2: Foul Ball, location: 2F 1-2: Foul Ball, location: 2F 1-2: Ball 2-2: SINGLE (Groundball, 34D, EV 105.0 MPH) Aaron Battista to third Runner from 3rd tries for Home, SAFE, throw by RF to home
|
Batting: RHB Dan Muse
|
0-0: Called Strike 0-1: Foul Ball, location: 2F 0-2: Foul Ball, location: 2F 0-2: Ground out 2-3 (Groundball, 2L, EV 68.1 MPH)
|
Bottom of the 7th over - 1 run, 2 hits, 0 errors, 1 left on base; Wichita State University 2 - Ohio State University 2 |
TOP OF THE 8TH |
Wichita State University Shockers batting - Pitching for Ohio State University Buckeyes : RHP Sam Lewis
|
Pitching: LHP Jon Ortiz
|
|
Now at 2B: Jesus Gomez
|
|
Batting: LHB Sam Williams
|
0-0: Called Strike 0-1: Called Strike 0-2: Fly out, F8 (Line Drive, 8LD, EV 103.8 MPH)
|
Batting: RHB Alex Campos
|
0-0: Ground out 6-3 (Groundball, 6, EV 85.6 MPH)
|
Batting: RHB Manny Hensley
|
0-0: Called Strike 0-1: Fly out, F9 (Flyball, 9D, EV 95.6 MPH)
|
Top of the 8th over - 0 runs, 0 hits, 0 errors, 0 left on base; Wichita State University 2 - Ohio State University 2 |
BOTTOM OF THE 8TH |
Ohio State University Buckeyes batting - Pitching for Wichita State University Shockers : RHP Connor Payne
|
Pitching: LHP Frank Cota
|
|
Batting: RHB Xavier Castaneda
|
0-0: Foul Ball, location: 2F 0-1: Fly out, F7 (Flyball, 7, EV 86.9 MPH)
|
Batting: RHB Joey Black
|
0-0: Ball 1-0: Foul Ball, location: 2F 1-1: Ground out 5-3 (Groundball, 56, EV 88.1 MPH)
|
Batting: RHB Rick English
|
0-0: Ball 1-0: Foul Ball, location: 2F 1-1: Ball 2-1: SINGLE (Flyball, 78S, EV 88.1 MPH)
|
Batting: RHB Seisaburo Edagawa
|
0-0: Ball 1-0: Ball 2-0: Foul Ball, location: 2F 2-1: Ground out 1-3 (Groundball, 15S, EV 68.1 MPH)
|
Bottom of the 8th over - 0 runs, 1 hit, 0 errors, 1 left on base; Wichita State University 2 - Ohio State University 2 |
TOP OF THE 9TH |
Wichita State University Shockers batting - Pitching for Ohio State University Buckeyes : LHP Jon Ortiz
|
Batting: RHB Taffounnout Kame
|
0-0: Ball 1-0: Called Strike 1-1: Fly out, F7 (Line Drive, 7S, EV 103.1 MPH)
|
Pinch Hitting: RHB Jason Baldwin
|
0-0: Called Strike 0-1: Ball 1-1: Fly out, F7 (Line Drive, 7, EV 93.8 MPH)
|
Batting: RHB Caleb Wachtler
|
0-0: Ball 1-0: Ball 2-0: Ball 3-0: Called Strike 3-1: Reached on error, E6 (Groundball, 6, EV 86.9 MPH)
|
Batting: RHB Jonathan Iniguez
|
0-0: Fly out, F8 (Flyball, 8RD, EV 108.1 MPH)
|
Top of the 9th over - 0 runs, 0 hits, 1 error, 1 left on base; Wichita State University 2 - Ohio State University 2 |
BOTTOM OF THE 9TH |
Ohio State University Buckeyes batting - Pitching for Wichita State University Shockers : LHP Frank Cota
|
Now at 2B: Jason Baldwin
|
|
Now at SS: Kieron Clark
|
|
Pinch Hitting: RHB Phil McFadden
|
0-0: Called Strike 0-1: Ball 1-1: Called Strike 1-2: Ball 2-2: Foul Ball, location: 2F 2-2: Ball 3-2: SINGLE (Flyball, 3D, EV 94.4 MPH)
|
Batting: RHB Aaron Battista
|
0-0: Foul Ball, location: 2F 0-1: Reached on error, E7 (Flyball, 7, EV 85.0 MPH) Phil McFadden to second
|
Batting: RHB Aukukero Tairi
|
0-0: Ball 1-0: Sac Bunt to 15S - play at first, batter OUT! 1-4 Phil McFadden to third Aaron Battista to second
|
Batting: SHB Jesus Gomez
|
0-0: Foul Ball, location: 2F 0-1: Called Strike 0-2: Foul Ball, location: 2F 0-2: Ball 1-2: Foul Ball, location: 2F 1-2: Ball 2-2: Fielders Choice at home, 6-2 (Groundball, 6S, EV 89.4 MPH) Aaron Battista to third
|
Pitching: RHP Tony Avila
|
|
Batting: RHB Dan Muse
|
0-0: Ball 1-0: Ball 2-0: Ball 3-0: Base on Balls Jesus Gomez to second
|
Batting: RHB Xavier Castaneda
|
0-0: Ground out 1-3 (Groundball, 13S, EV 64.4 MPH)
|
Bottom of the 9th over - 0 runs, 1 hit, 1 error, 3 left on base; Wichita State University 2 - Ohio State University 2 |
TOP OF THE 10TH |
Wichita State University Shockers batting - Pitching for Ohio State University Buckeyes : LHP Jon Ortiz
|
Pitching: RHP Harold Price
|
|
Now at C: Nick Holsinger
|
|
Batting: RHB Kieron Clark
|
0-0: Swinging Strike 0-1: Foul Ball, location: 2F 0-2: Strikes out swinging
|
Batting: RHB Zach Maguire
|
0-0: Foul Ball, location: 2F 0-1: SINGLE (Groundball, 6D, EV 111.3 MPH)
|
Batting: LHB Sam Williams
|
0-0: Called Strike 0-1: Grounds into double play, 3-6-3 (Groundball, 34S, EV 89.4 MPH)
|
Top of the 10th over - 0 runs, 1 hit, 0 errors, 0 left on base; Wichita State University 2 - Ohio State University 2 |
BOTTOM OF THE 10TH |
Ohio State University Buckeyes batting - Pitching for Wichita State University Shockers : RHP Tony Avila
|
Pitching: RHP Zi-cheng Zhou
|
|
Batting: RHB Joey Black
|
0-0: Ball 1-0: Ball 2-0: Ball 3-0: Called Strike 3-1: Called Strike 3-2: Ground out 1-3 (Groundball, 15S, EV 65.6 MPH)
|
Batting: RHB Rick English
|
0-0: Fly out, F9 (Flyball, 9, EV 93.1 MPH)
|
Batting: RHB Seisaburo Edagawa
|
0-0: Ball 1-0: Ball 2-0: Called Strike 2-1: Foul Ball, location: 2F 2-2: Foul Ball, location: 2F 2-2: Foul Ball, location: 2F 2-2: Ground out 4-3 (Groundball, 4M, EV 87.5 MPH)
|
Bottom of the 10th over - 0 runs, 0 hits, 0 errors, 0 left on base; Wichita State University 2 - Ohio State University 2 |
TOP OF THE 11TH |
Wichita State University Shockers batting - Pitching for Ohio State University Buckeyes : RHP Harold Price
|
Batting: RHB Alex Campos
|
0-0: Ball 1-0: Foul Ball, location: 2F 1-1: Swinging Strike 1-2: Strikes out looking
|
Batting: RHB Manny Hensley
|
0-0: Called Strike 0-1: Called Strike 0-2: Ball 1-2: Ball 2-2: Ball 3-2: Strikes out swinging
|
Pinch Hitting: LHB Steve LeGrand
|
0-0: Ball 1-0: Foul Ball, location: 2F 1-1: DOUBLE (Groundball, 3L, EV 98.8 MPH)
|
Batting: RHB Jason Baldwin
|
0-0: Intentional Walk
|
Batting: RHB Caleb Wachtler
|
0-0: Called Strike 0-1: Ball 1-1: Swinging Strike 1-2: Strikes out swinging
|
Top of the 11th over - 0 runs, 1 hit, 0 errors, 2 left on base; Wichita State University 2 - Ohio State University 2 |
BOTTOM OF THE 11TH |
Ohio State University Buckeyes batting - Pitching for Wichita State University Shockers : RHP Zi-cheng Zhou
|
Pitching: RHP Eric Patrick
|
|
Now in RF: Steve LeGrand
|
|
Batting: RHB Nick Holsinger
|
0-0: Foul Ball, location: 2F 0-1: Ball 1-1: Swinging Strike 1-2: Ball 2-2: Foul Ball, location: 2F 2-2: Ball 3-2: SINGLE (Groundball, 6MD, EV 101.9 MPH)
|
Batting: RHB Aaron Battista
|
0-0: Fly out, F3 (Popup, 3S, EV 87.5 MPH)
|
Batting: RHB Aukukero Tairi
|
0-0: Ball 1-0: Ball 2-0: Ball 3-0: Called Strike 3-1: Foul Ball, location: 2F 3-2: Base on Balls Nick Holsinger to second
|
Batting: SHB Jesus Gomez
|
0-0: Called Strike 0-1: Foul Ball, location: 2F 0-2: Foul Ball, location: 2F 0-2: Fly out, F6 (Popup, 56, EV 70.0 MPH)
|
Batting: RHB Dan Muse
|
0-0: Fielders Choice at 2nd, 6-4 (Groundball, 6, EV 104.4 MPH)
|
Bottom of the 11th over - 0 runs, 1 hit, 0 errors, 2 left on base; Wichita State University 2 - Ohio State University 2 |
TOP OF THE 12TH |
Wichita State University Shockers batting - Pitching for Ohio State University Buckeyes : RHP Harold Price
|
Pitching: RHP Jim Sawicki
|
|
Batting: RHB Jonathan Iniguez
|
0-0: Ball 1-0: Foul Ball, location: 2F 1-1: Ball 2-1: DOUBLE (Line Drive, 7LS, EV 103.8 MPH)
|
Batting: RHB Kieron Clark
|
0-0: Ball 1-0: Ball 2-0: Foul Ball, location: 2F 2-1: Ball 3-1: Base on Balls
|
Batting: RHB Zach Maguire
|
0-0: Swinging Strike 0-1: Foul Ball, location: 2F 0-2: Ball Wild Pitch! Jonathan Iniguez to third Kieron Clark to second 1-2: Foul Ball, location: 2F 1-2: Ball Wild Pitch! Jonathan Iniguez scores Kieron Clark to third 2-2: Foul Ball, location: 2F 2-2: Ball 3-2: Fly out, F8 (Flyball, 8LS, EV 86.9 MPH)
|
Batting: LHB Sam Williams
|
0-0: Intentional Walk
|
Batting: RHB Alex Campos
|
0-0: Ball 1-0: Foul Ball, location: 2F 1-1: SINGLE (Groundball, 34D, EV 100.6 MPH) Kieron Clark scores Sam Williams to second Runner from 2nd tries for 3rd, SAFE, throw by RF made to third
|
Batting: RHB Manny Hensley
|
0-0: Foul Ball, location: 2F 0-1: Ball 1-1: Fly out, F8 (Line Drive, 8LM, EV 108.1 MPH) Runner from 3rd tags up, SCORES, no throw by CF
|
Batting: LHB Steve LeGrand
|
0-0: Foul Ball, location: 2F 0-1: Ball 1-1: Ball 2-1: Ball 3-1: Foul Ball, location: 2F 3-2: Base on Balls Alex Campos to second
|
Batting: RHB Jason Baldwin
|
0-0: Ball 1-0: Ball 2-0: Foul Ball, location: 2F 2-1: Foul Ball, location: 2F 2-2: Ball 3-2: SINGLE (Flyball, 3D, EV 100.0 MPH) Alex Campos to third Steve LeGrand to second Alex Campos scores Steve LeGrand to third
|
Pitching: RHP Jonathan Villalovos
|
|
Batting: RHB Caleb Wachtler
|
0-0: Ball 1-0: Foul Ball, location: 2F 1-1: Called Strike 1-2: Strikes out looking
|
Top of the 12th over - 4 runs, 3 hits, 0 errors, 2 left on base; Wichita State University 6 - Ohio State University 2 |
BOTTOM OF THE 12TH |
Ohio State University Buckeyes batting - Pitching for Wichita State University Shockers : RHP Eric Patrick
|
Batting: RHB Xavier Castaneda
|
0-0: Called Strike 0-1: SINGLE (Groundball, 6M, EV 105.0 MPH) (infield hit)
|
Pitching: RHP Mark Fedor
|
|
Batting: RHB Joey Black
|
0-0: Called Strike 0-1: Ball 1-1: Ball Wild Pitch! Xavier Castaneda to second 2-1: Ball 3-1: Foul Ball, location: 2F 3-2: Foul Ball, location: 2F 3-2: Base on Balls
|
Batting: RHB Rick English
|
0-0: Fly out, F7 (Flyball, 78D, EV 88.1 MPH)
|
Batting: RHB Seisaburo Edagawa
|
0-0: Ball 1-0: Called Strike 1-1: Called Strike 1-2: Foul Ball, location: 2F 1-2: Ball 2-2: Ground out 6-3 (Groundball, 6M, EV 100.0 MPH) Xavier Castaneda to third Joey Black to second
|
Batting: RHB Nick Holsinger
|
0-0: SINGLE (Groundball, 6MD, EV 107.5 MPH) Xavier Castaneda scores Joey Black to third
|
Batting: RHB Aaron Battista
|
0-0: DOUBLE (Groundball, 5L, EV 96.9 MPH) Joey Black scores Nick Holsinger to third
|
Batting: RHB Aukukero Tairi
|
0-0: Fly out, F9 (Flyball, 9S, EV 89.4 MPH)
|
Bottom of the 12th over - 2 runs, 3 hits, 0 errors, 2 left on base; Wichita State University 6 - Ohio State University 4 |
|